 Dungeon Crawl Stone Soup version 0.18-a0-1372-gd644665 (webtiles) character file.

66 M4edhros the Insei (level 4, -1/31 HPs)
             Began as an Octopode Monk on Feb 21, 2016.
             Killed by nerve-wracking pain
             ... invoked by Jessica
              (12 damage)
             ... on level 2 of the Dungeon.
             The game lasted 00:01:14 (1589 turns).

M4edhros the Insei (Octopode Monk)                  Turns: 1589, Time: 00:01:14

Health: -1/31      AC:  1    Str: 10    XL:     4   Next: 15%
Magic:  4/4        EV: 13    Int: 12    God:
Gold:   87         SH:  0    Dex: 15    Spells: 0 memorised, 3 levels left

rFire  . . .     SeeInvis .       - Unarmed
rCold  . . .     Gourm    .     (no shield)
rNeg   . . .     Faith    .     (helmet restricted)
rPois  .         Spirit   .     (no amulet)
rElec  .         Dismiss  .     (no ring)
rCorr  .         Reflect  .     (no ring)
SustAt .         Harm     .     (no ring)
MR     .....                    (no ring)
Stlth  ++++......               (no ring)
                                (no ring)
                                (no ring)
                                (no ring)

@: slowed, very slow, not resistant to hostile enchantments, stealthy
A: almost no armour, amphibious, 8 rings, constrict 8, camouflage 1, gelatinous
body 1
a: no special abilities


You were on level 2 of the Dungeon.
You were very hungry.

You visited 1 branch of the dungeon, and saw 2 of its levels.

You collected 87 gold pieces.

Inventory:

Missiles
 j - 71 stones (quivered)
Scrolls
 d - a scroll of random uselessness {unknown}
 e - 3 scrolls of remove curse {unknown}
 f - 2 scrolls of amnesia {unknown}
 g - 2 scrolls of fear {unknown}
 k - a scroll of teleportation {unknown}
 l - a scroll of identify {unknown}
 n - a scroll of noise {unknown}
Potions
 c - 3 potions of heal wounds {unknown}
 h - 2 potions of resistance {unknown}
 i - a potion of cancellation {unknown}
 m - a potion of might {unknown}
 o - a potion of berserk rage {unknown}
Comestibles
 a - 4 bread rations
 b - a beef jerky


   Skills:
 - Level 3.0 Fighting
 - Level 3.0 Dodging
 + Level 4.6 Stealth
 + Level 4.9 Unarmed Combat


You had 3 spell levels left.
You didn't know any spells.

Dungeon Overview and Level Annotations

Branches:
Dungeon (2/15)

Altars:

Annotations:
D:2 Jessica


Innate Abilities, Weirdness & Mutations

You cannot wear most types of armour.
You are amphibious.
You can wear up to eight rings at the same time.
You can use your tentacles to constrict eight enemies at once.
Your skin changes colour to match your surroundings (Stealth).
Your rubbery body absorbs attacks (AC +1).


Message History

You closely miss the jackal. Your grab misses the jackal.
The jackal is heavily wounded.
The jackal closely misses you.
You tentacle-slap the jackal. You grab the jackal. You squeeze the jackal.
You kill the jackal!
Jessica gestures at you while chanting.
You feel yourself slow down.
Jessica casts a spell.
Jessica blinks!
You miss the giant newt. You grab the giant newt. You constrict the giant newt.
The giant newt completely misses you.
You closely miss the giant newt.
The giant newt is severely wounded.
You constrict the giant newt.
You kill the giant newt!
Jessica points at you and mumbles some strange words.
Pain shoots through your body! Jessica casts a spell at you.
Pain shoots through your body!
You die...

######
#....##################
+...@†@................
#....################..
#........ #.#
+......... #.#
#........?. #.#
#..........# #.#
......?....# ####.#
..b........# #####....#
.........#


You could see Jessica.

Vanquished Creatures
  2 adders (D:2)
  A worm (D:2)
  A giant gecko (D:2)
  A goblin (D:2)
  8 hobgoblins
  8 jackals (D:2)
  A ball python (D:2)
  6 bats
  6 giant newts
  4 kobolds
  4 rats
42 creatures vanquished.

Notes
Turn   | Place    | Note
--------------------------------------------------------------
     0 | D:1      | M4edhros the Octopode Monk began the quest for the Orb.
     0 | D:1      | Reached XP level 1. HP: 16/16 MP: 1/1
   284 | D:1      | Reached XP level 2. HP: 14/21 MP: 2/2
   883 | D:2      | Reached XP level 3. HP: 18/26 MP: 3/3
  1523 | D:2      | Reached XP level 4. HP: 28/31 MP: 4/4
  1566 | D:2      | Noticed Jessica
  1589 | D:2      | Killed from afar by Jessica

Vault maps used:
D:1:      dpeg_arrival_three_same_balls
D:2:      grunt_temple_overflow_holy_war, hangedman_ru_absence, uniq_jessica

Action                   |  1- 3 |  4- 6 || total
-------------------------+-------+-------++-------
Melee: Unarmed           |    76 |    24 ||   100
 Stab: Sleeping          |    10 |     1 ||    11
  Eat: Chunk             |     1 |       ||     1
